 Dungeon Crawl Stone Soup version 0.21-a0-258-g4c0eb85 (webtiles) character file.

47 Gospel the Conjurer (level 3, 0/24 HPs)
             Began as a Mummy Conjurer on Sept 6, 2017.
             Slain by Terence
             ... wielding a +0 hand axe
              (5 damage)
             ... on level 1 of the Dungeon.
             The game lasted 00:07:08 (1686 turns).

Gospel the Conjurer (Mummy Conjurer)                Turns: 1686, Time: 00:07:09

Health: 0/24       AC:  3    Str: 11    XL:     3   Next: 48%
Magic:  1/7        EV: 12    Int: 15    God:
Gold:   48         SH:  0    Dex: 12    Spells: 2/8 levels left

rFire    x . .     SeeInvis .   (no weapon)
rCold    + . .     Gourm    .   (no shield)
rNeg     + + +     Faith    .   a - +0 robe
rPois    ∞         Spirit   .   (no helmet)
rElec    .         Reflect  .   (no cloak)
rCorr    .         Harm     .   d - +0 pair of gloves (curse)
MR       .....                  (no boots)
Stlth    ++........             (no amulet)
HPRegen  0.08/turn              (no ring)
MPRegen  0.10/turn              (no ring)

@: no status effects
A: no food or potions, fire vulnerability, cold resistance 1, negative energy
resistance 3, torment resistance, unbreathing
a: no special abilities


You were on level 1 of the Dungeon.
You were not hungry.

You visited 1 branch of the dungeon, and saw 2 of its levels.

You collected 48 gold pieces.

Inventory:

Armour
 a - a +0 robe (worn)
 d - a cursed +0 pair of gloves (worn)
Jewellery
 c - a cursed ring of positive energy
 f - an uncursed ring of magical power {unknown}
Scrolls
 e - 2 scrolls of identify
 g - 2 scrolls of amnesia
Books
 b - a book of Conjurations

   Spells                             Type                      Level
   a - Magic Dart                     Conjuration                  1
   b - Searing Ray                    Conjuration                  2
   c - Dazzling Spray                 Conjuration/Hexes            3
   d - Fulminant Prism                Conjuration/Hexes            4
   e - Force Lance                    Conjuration/Translocation    4
   f - Iskenderun's Mystic Blast      Conjuration                  4


   Skills:
 - Level 1.5 Dodging
 - Level 1.5 Stealth
 + Level 3.4 Spellcasting
 + Level 4.0 Conjurations


You had 2 spell levels left.
You knew the following spells:

 Your Spells              Type           Power        Failure   Level  Hunger
a - Magic Dart            Conj           ##..         3%          1    N/A
b - Dazzling Spray        Conj/Hex       #.....       24%         3    N/A
c - Searing Ray           Conj           ##....       5%          2    N/A

Dungeon Overview and Level Annotations

Branches:
Dungeon (2/15)

Altars:
Dithmenos

Annotations:
D:1 Terence


Innate Abilities, Weirdness & Mutations

You do not eat or drink.
Your flesh is vulnerable to fire.
You are immune to poison.
Your flesh is cold resistant. (rC+)
You are immune to negative energy. (rN+++)
You are immune to unholy pain and torment.
You can survive without breathing.


Message History

As you read the scroll labeled PUEDDUVOX, it crumbles to dust.
The scroll dissolves into smoke.
It was a scroll of fog.
Terence barely misses you. Terence screams, "I want your blood!"
Terence barely misses you.
Casting: Searing Ray
Confirm with . or Enter, or press ? or * to list all spells.
Aiming: Dazzling Spray
Press: ? - help, Shift-Dir - straight line, f - Terence
Aim: Terence, wielding a hand axe and wearing a chain mail (grey smoke, moderately wounded, fast)
The spray of energy hits Terence.
Terence is heavily wounded.
Terence is dazzled.
Terence barely misses you. Terence hits you with a hand axe.
* * * LOW HITPOINT WARNING * * *
Terence barely misses you.
There is a stone staircase leading down here.
Terence is no longer blind.
Terence hits you but does no damage. Terence hits you with a hand axe.
You die...

..# #...#######♣.......÷..♣ ..#
#.........#♣..........♣###
..######....####.#♣..........♣#.#
.................#♣...........'.#
.................#♣.♣♣♣♣♣♣♣♣♣♣#.#
.................##'###########>#
...###.#.....(...##.#.##.##.....#
.#.# #.#..†.####.##...##.########
.#.# #.#....# #@####....######
.#.###.#....# #@# #.........#
.#.#..!.....####.####§#§#####.#
...#.#......##....§§§§#§# #.###
.....###...###.#..>§§§§§# #....
####........##.#####§§#§# #.##.
#..#...........##§§#.#####....
#........##.##.##...)......##.
#..#...#.##.##.##.#####.#####.


You could see Terence.

Vanquished Creatures
  An adder (D:1)
  4 dart slugs
  A leopard gecko (D:2)
  4 bats (D:1)
  7 hobgoblins
  A frilled lizard (D:1)
  4 goblins
  5 kobolds
  4 rats
31 creatures vanquished.

Notes
Turn   | Place    | Note
-------+----------+-------------------------------------------
     0 | D:1      | Gospel the Mummy Conjurer began the quest for the Orb.
     0 | D:1      | Reached XP level 1. HP: 13/13 MP: 4/4
   346 | D:1      | Reached XP level 2. HP: 19/19 MP: 1/5
   918 | D:1      | Reached XP level 3. HP: 7/24 MP: 0/7
  1144 | D:2      | Reached skill level 4 in Conjurations
  1178 | D:2      | Learned a level 3 spell: Dazzling Spray
  1181 | D:2      | Learned a level 2 spell: Searing Ray
  1336 | D:2      | Found a shadowy altar of Dithmenos.
  1642 | D:2      | Noticed Terence
  1686 | D:1      | Slain by Terence

Vault maps used:
D:1:      tarquinn_simple_flora_water_a, kennysheep_small_spiral
D:2:      nicolae_dithmenos_shadow_blocks, first_bread, uniq_terence

Skill      XL: |  1  2  3 |
---------------+----------+-----
Spellcasting   | 3 |  3.4
Conjurations   | 4 |  4.0
Dodging        | |  1.5
Stealth        | |  1.5

Action                   || total
-------------------------++-------
Melee: Unarmed           ||    19
 Cast: Magic Dart        ||    67
       Searing Ray       ||     5
       Dazzling Spray    ||     2
  Use: Scroll            ||     5
Armor: Robe              ||     4
Dodge: Dodged            ||    33

Table legend:
 A = Spawn XP
 B = Non-spawn XP
 C = Spawn XP percentage of total XP
 D = Spawn monster count
 E = Non-spawn monster count
 F = Spawn count percentage of total count
 G = Total turns spent on level
                    A         B        C        D         E        F      G
               +---------+---------+-------+---------+---------+-------+---------
         Total |       0 |      68 |   0.0 |       0 |      31 |   0.0 |  1686
               +---------+---------+-------+---------+---------+-------+---------
           D:1 |       0 |      43 |   0.0 |       0 |      20 |   0.0 |  1129
           D:2 |       0 |      25 |   0.0 |       0 |      11 |   0.0 |   557
               +---------+---------+-------+---------+---------+-------+---------
